 Dungeon Crawl Stone Soup version 0.29-a0-1023-g6ae1a4a2c7 (webtiles) character file.

Game seed: 12433740341617482861

6482 2tc the Destroyer (level 10, -23/62 HPs)
             Began as a Pale Draconian Conjurer on Aug 11, 2022.
             Was a High Priest of Hepliaklqana.
             Annihilated by a very large slime creature (61 damage)
             ... on level 9 of the Dungeon.
             The game lasted 00:36:22 (10919 turns).

2tc the Destroyer (Pale Draconian Conjurer)        Turns: 10919, Time: 00:36:23

Health: -23/62     AC:  8    Str: 16    XL:     10   Next: 68%
Magic:  8/21       EV: 16    Int: 21    God:    Hepliaklqana [*****.]
Gold:   385        SH:  5    Dex: 11    Spells: 4/24 levels left

rFire   . . .      SeeInvis .   o - +6 dagger (freeze)
rCold   . . .      Faith    .   (no shield)
rNeg    . . .      Spirit   .   (body armour unavailable)
rPois   .          Reflect  +   (helmet restricted)
rElec   .          Harm     .   (no cloak)
rCorr   .          Rampage  .   (no gloves)
Will    .....                   p - +0 pair of boots
Stlth   ++........              m - amulet of reflection
HPRegen 0.20/turn               f - +4 ring of evasion
MPRegen 0.17/turn               j - +6 ring of strength

@: no status effects
A: reduced essence, breathe steam, AC +7, unfitting armour, cold-blooded, steam
resistance
a: Breathe Steam, Renounce Religion, Recall Ancestor, Ancestor Identity,
Transference, Idealise


You were on level 9 of the Dungeon.
You worshipped Hepliaklqana.
Hepliaklqana was extremely pleased with you.
You visited 2 branches of the dungeon, and saw 10 of its levels.

You collected 385 gold pieces.

Inventory:

Hand Weapons
 d - a +0 dagger
 o - a +6 dagger of freezing (weapon)
Armour
 p - a +0 pair of boots (worn)
Magical Staves
 n - a staff of death
Jewellery
 f - a +4 ring of evasion (left hand)
 j - a +6 ring of strength (right hand)
 m - an amulet of reflection (around neck)
 q - a ring of protection from fire
Scrolls
 e - 3 scrolls of teleportation
 r - a scroll of brand weapon
Potions
 a - a potion of berserk rage
 b - 2 potions of invisibility
 c - a potion of cancellation
 g - 4 potions of curing
 h - a potion of might
 i - a potion of brilliance
 k - 2 potions of haste
 l - 6 potions of heal wounds
 s - a potion of lignification {unknown}


   Skills:
 - Level 1.7 Dodging
 - Level 1.7 Stealth
 - Level 7.5 Spellcasting
 - Level 12.0 Conjurations
 - Level 7.0 Hexes
 * Level 4.5 Fire Magic


You had 4 spell levels left.
You knew the following spells:

 Your Spells              Type           Power      Damage    Failure   Level
a - Magic Dart            Conj           100%       1d8       1%          1
b - Searing Ray           Conj           100%       2d8       1%          2
c - Fulminant Prism       Conj/Hex       23%        3d13      1%          4
d - Dazzling Flash        Conj/Hex       94%        N/A       1%          3
e - Iskenderun's Battles  Conj           55%        2d11      1%          5
f - Fireball              Conj/Fire      21%        3d10      8%          5

Your spell library contained the following spells:

 Spells                   Type           Power      Damage    Failure   Level
 Static Discharge         Conj/Air       33%        3-8/arc   1%          2
 Tukima's Dance           Hex            37%        N/A       1%          3
 Sticky Flame             Conj/Fire      42%        2d6       2%          4
 Summon Guardian Golem    Hex/Summ       22%        N/A       6%          3
 Iskenderun's Mystic Bla  Conj/Tloc      33%        2d8       7%          4
 Apportation              Tloc           14%        N/A       9%          1
 Summon Small Mammal      Summ           28%        N/A       9%          1
 Call Canine Familiar     Summ           7%         N/A       26%         3
 Dispel Undead            Necr           7%         3d8       63%         4
 Passage of Golubria      Tloc           7%         N/A       63%         4
 Orb of Destruction       Conj           27%        9d9       45%         7
 Yara's Violent Unravell  Hex/Tmut       11%        3d6       50%         5
 Conjure Ball Lightning   Conj/Air       16%        3x3d6     73%         6
 Alistair's Intoxication  Tmut/Pois      4%         N/A       93%         5


Dungeon Overview and Level Annotations

Branches:
Dungeon (9/15)             Temple (1/1) D:7
   Lair: D:8-11         Orc: D:9-12

Altars:
Ashenzari
Cheibriados
Dithmenos
Elyvilon
Fedhas
Gozag
Hepliaklqana
Kikubaaqudgha
Makhleb
Nemelex Xobeh
Okawaru
Qazlal
Ru
Sif Muna
Trog
Uskayaw
Vehumet
Wu Jian
Xom
Yredelemnul
Zin
The Shining One

Annotations:
D:8 3 runed translucent doors, Eyesofgods1's ghost, novice DsGl


Innate Abilities, Weirdness & Mutations

Your life essence is reduced to manifest your ancestor. (-10% HP)
You can breathe blasts of scalding, opaque steam.
Your pale cyan-grey scales are hard. (AC +7)
You cannot fit into any form of body armour.
You are cold-blooded and may be slowed by cold attacks.
You are immune to the effects of steam.


Message History

The slime creature is severely wounded.
The searing ray misses the large slime creature.
You finish channelling your searing ray.
Two slime creatures merge to form a very large slime creature.
You block the slime creature's attack.
Hrodulf hits the slime creature with a +0 flail.
The slime creature hits you but does no damage.
Casting: Searing Ray (safe; 1% risk of failure)
Confirm with . or Enter, or press ? or * to list all spells.
Aiming: Searing Ray (safe; 1% risk of failure)
Press: ? - help, Shift-Dir - straight line, f/p - very large slime creature
Aim: a very large slime creature (lightly wounded, 96% to hit)
The searing ray hits the slime creature!
You kill the slime creature!
The searing ray hits the very large slime creature!
The very large slime creature is lightly wounded. (Press . to maintain the ray.) Hrodulf hits the very large slime creature with a +0 flail!
The slime creature hits you.
Your Fire Magic skill increases to level 4!
The searing ray hits the very large slime creature!
The very large slime creature is moderately wounded.
Hrodulf hits the very large slime creature with a +0 flail!
The slime creature completely misses you.
The searing ray hits the very large slime creature!
The very large slime creature is moderately wounded.
Hrodulf hits the very large slime creature with a +0 flail.
The slime creature closely misses you.
The very large slime creature barely misses you.
The searing ray hits the very large slime creature.
The very large slime creature is moderately wounded.
You finish channelling your searing ray.
Hrodulf hits the very large slime creature with a +0 flail!
The slime creature hits you!!
The very large slime creature misses you.
Hrodulf hits the very large slime creature with a +0 flail!
You block the slime creature's attack.
The very large slime creature hits you!!!
Ouch! That really hurt!
You die...

#......# #............)((.
#......# #.............)(.
#......# #..............#.
####...##
##............##.
###..#####...........##.
##........#.##...#.##.
###.###...|##...#.##.
###R###...##....#.##.
##..J@#...###....#..#.
#..##J..........>...#.
#####.###...##............
#...J......##..######.....
#.............## ###.....
#..........#### #..(...#
#..........# ##.......
#.....<....# #........
#.....(....# ##.......#


You could see the friendly Hrodulf the knight, a very large slime creature (ally
target) and a slime creature.

Vanquished Creatures
  2 two-headed ogres (D:9)
  A cyclops (D:6)
  A hornet (D:8)
  A slime creature (D:9)
  A wyvern (D:9)
  2 yaks (D:8)
  A steam dragon (D:9)
  An acid dragon (D:9)
  Edmund (D:6)
  A sky beast (D:6)
  An orc warrior (D:8)
  2 centaurs
  A phantom (D:5)
  2 kobold brigands
  A bullfrog (D:7)
  A scorpion (D:7)
  4 wights (D:8)
  A hound (D:6)
  A jelly (D:5)
  A gnoll bouda (D:6)
  2 orc priests
  3 iguanas
  2 orc wizards
  8 gnolls
  8 adders
  9 river rats (D:5)
  A shadow imp (D:5)
  A white imp (D:6)
  A worm (D:2)
  3 dart slugs
  17 orcs
  8 endoplasms
  4 giant cockroaches
  6 goblins
  8 hobgoblins
  6 jackals (D:4)
  15 kobolds
  4 quokkas (D:5)
  4 ball pythons
  4 bats
  4 frilled lizards
  19 rats
164 creatures vanquished.

Vanquished Creatures (collateral kills)
  3 yaks (D:8)
  2 water moccasins
  A sky beast (D:7)
  A black bear (D:8)
  2 centaurs
  A phantom (D:6)
  A bullfrog (D:8)
  2 kobold brigands
  A necrophage (D:6)
  4 scorpions
  A gnoll sergeant (D:8)
  4 wights (D:8)
  3 howler monkeys
  2 jellies (D:5)
  2 hounds (D:5)
  3 orc wizards
  11 gnolls
  An adder (D:5)
  A river rat (D:5)
  An ufetubus (D:7)
  A dart slug (D:4)
  6 orcs
  2 jackals (D:4)
  2 quokkas (D:5)
  6 kobolds
  A rat (D:5)
65 creatures vanquished.

Vanquished Creatures (others)
  7 knights
  A kobold (D:9)
  19 fulminant prisms
27 creatures vanquished.

Grand Total: 256 creatures vanquished

Notes
Turn   | Place    | Note
-------+----------+-------------------------------------------
     0 | D:1      | 2tc the Draconian Conjurer began the quest for the Orb.
     0 | D:1      | Reached XP level 1. HP: 14/14 MP: 3/3
   415 | D:1      | Reached XP level 2. HP: 20/20 MP: 0/5
   418 | D:1      | Learned a level 2 spell: Searing Ray
   618 | D:1      | Found a faded altar of an unknown god.
   623 | D:1      | Prayed at the altar of an unknown god.
   623 | D:1      | Became a worshipper of Hepliaklqana the Forgotten
   623 | D:1      | Reached * piety under Hepliaklqana
  1520 | D:2      | Reached skill level 5 in Conjurations
  1546 | D:2      | Reached XP level 3. HP: 23/23 MP: 4/6
  2059 | D:2      | Reached ** piety under Hepliaklqana
  2060 | D:2      | Remembered your ancestor Hrodulf as a knight
  2355 | D:3      | Reached XP level 4. HP: 29/29 MP: 0/7
  2555 | D:3      | Reached skill level 6 in Conjurations
  2666 | D:3      | Learned a level 4 spell: Fulminant Prism
  3208 | D:4      | Reached XP level 5. HP: 34/34 MP: 3/8
  3523 | D:4      | Reached *** piety under Hepliaklqana
  3691 | D:4      | Reached skill level 7 in Conjurations
  3775 | D:4      | Reached XP level 6. HP: 40/40 MP: 1/9
  4308 | D:5      | Entered Level 5 of the Dungeon
  4483 | D:5      | Reached skill level 1 in Hexes
  4485 | D:5      | Reached skill level 8 in Conjurations
  4568 | D:5      | Your scales start taking on a pale cyan-grey colour.
  4568 | D:5      | Reached XP level 7. HP: 45/45 MP: 8/10
  4568 | D:5      | Gained mutation: You are immune to the effects of steam.
                  | [Pale Draconian growth]
  5248 | D:5      | Reached skill level 5 in Hexes
  5701 | D:5      | Learned a level 3 spell: Dazzling Flash
  5770 | D:5      | Reached XP level 8. HP: 51/51 MP: 4/11
  5924 | D:6      | Reached skill level 9 in Conjurations
  6363 | D:6      | Reached **** piety under Hepliaklqana
  6617 | D:6      | Reached skill level 10 in Conjurations
  6798 | D:6      | Noticed Edmund
  6812 | D:6      | Killed Edmund
  7062 | D:6      | Noticed a cyclops
  7077 | D:6      | Killed a cyclops
  7078 | D:6      | Reached skill level 11 in Conjurations
  7078 | D:6      | Reached XP level 9. HP: 33/55 MP: 1/12
  7607 | D:7      | Found a sacrificial altar of Ru.
  7696 | D:7      | Found a staircase to the Ecumenical Temple.
  7709 | Temple   | Entered the Ecumenical Temple
  7972 | D:7      | Found an ornate altar of the Wu Jian Council.
  7972 | D:7      | Found a shadowy altar of Dithmenos.
  8068 | D:7      | Reached skill level 12 in Conjurations
  9077 | D:8      | Found a runed translucent gate.
  9077 | D:8      | Noticed Eyesofgods1's ghost (novice DsGl)
  9078 | D:8      | Found a runed translucent gate.
  9078 | D:8      | Found a runed translucent gate.
  9347 | D:8      | Reached ***** piety under Hepliaklqana
  9367 | D:8      | Learned a level 5 spell: Iskenderun's Battlesphere
  9407 | D:8      | Reached XP level 10. HP: 42/62 MP: 1/16
  9418 | D:8      | Reached skill level 5 in Spellcasting
  9875 | D:9      | Noticed a two-headed ogre
  9889 | D:9      | Killed a two-headed ogre
 10009 | D:9      | Noticed a two-headed ogre
 10016 | D:9      | Killed a two-headed ogre
 10023 | D:9      | Learned a level 5 spell: Fireball
 10144 | D:9      | Reached skill level 1 in Fire Magic
 10919 | D:9      | Annihilated by a very large slime creature

Illustrated notes

Levels and vault maps discovered:
D:1:      minmay_arrival_diagonal_passages, layout_basic, basic_ecumenical_altar
D:2:      layout_loops_cross
D:3:      layout_loops_cross, minmay_misc_feat_enclosed
D:4:      layout_loops_corners
D:5:      lemuel_ratsnest, layout_basic, nrook_mini_vaults,
          minmay_misc_feat_tower, glass_columns_c, kennysheep_potato
D:6:      layout_loops_corners, hangedman_decor_diamond_cutter,
          grunt_ministairs_15, uniq_edmund
D:7:      layout_gridville, jmf_multi_god_temple,
          nicolae_ru_sacrificial_ziggurat, temple_fountains
D:8:      layout_loops_corners, ebering_ghost_rock_garden
D:9:      layout_rooms
Temple:   nicolae_temple_bog_church

Skill      XL: |  1  2  3  4  5  6  7  8  9 10 |
---------------+-------------------------------+-----
Conjurations   | 5 6 7 8 11 12 | 12.0
Hexes          | 2 5 7 |  7.0
Spellcasting   | 4 7 |  7.5
Fire Magic     | 4 |  4.5
Dodging        | |  1.7
Stealth        | |  1.7

Action                   |  1- 3 |  4- 6 |  7- 9 | 10-12 || total
-------------------------+-------+-------+-------+-------++-------
Melee: Rapier            |     4 |       |       |       ||     4
       Dagger            |     1 |    38 |    28 |    21 ||    88
       Tailslap          |       |     2 |     5 |     1 ||     8
 Cast: Magic Dart        |    81 |    75 |   175 |    42 ||   373
       Searing Ray       |       |     5 |    15 |     3 ||    23
       Fulminant Prism   |       |       |     3 |    16 ||    19
       Dazzling Flash    |       |       |     1 |     1 ||     2
       Iskenderun's Batt |       |       |     1 |       ||     1
Invok: Ancestor Life: Kn |     1 |       |       |       ||     1
  Use: Scroll            |     3 |     6 |     7 |     4 ||    20
       Potion            |       |     1 |     1 |       ||     2
 Stab: Sleeping          |       |       |     2 |       ||     2
       Invisible         |       |       |       |     1 ||     1
Armor: Skin              |       |     6 |     7 |     7 ||    20
Dodge: Dodged            |     5 |    23 |    33 |    31 ||    92
Block: Other             |       |    11 |    18 |     8 ||    37
       Reflection        |       |     1 |     3 |     2 ||     6

Table legend: (Time is in decaauts)
 A = Elapsed time spent in this place.
 B = Non-inter-level travel time spent in this place.
 C = Inter-level travel time spent in this place.
 D = Time resting spent in this place.
 E = Time spent auto-exploring this place.
 F = Levels seen in this place.
 G = Mean time per level.
                   A        B        C        D        E       F      G
               +--------+--------+--------+--------+--------+-----+--------+
         Total |  10921 |  10362 |    559 |    334 |   8804 |  10 | 1092.1 |
       Dungeon |  10725 |  10190 |    535 |    334 |   8648 |   9 | 1191.7 |
        Temple |    195 |    171 |     24 |      0 |    156 |   1 |  195.0 |
               +--------+--------+--------+--------+--------+-----+--------+

Top non-repeatable levels by time:
     D:8: 1747 daAuts
     D:5: 1686 daAuts
     D:6: 1457 daAuts
     D:1: 1267 daAuts
     D:4: 1147 daAuts
     D:2: 972 daAuts
     D:3: 917 daAuts
     D:7: 872 daAuts
     D:9: 657 daAuts
  Temple: 195 daAuts
